 Dungeon Crawl Stone Soup version 0.21-a0-584-g185da8e (console) character file.

129 Mandevil the Ruffian (level 4, -4/37 HPs)
             Began as a Draconian Transmuter on Dec 20, 2017.
             Was an Initiate of Cheibriados.
             Slain by a centaur (9 damage)
             ... on level 3 of the Dungeon.
             The game lasted 00:05:12 (2100 turns).

Mandevil the Ruffian (Draconian Transmuter)         Turns: 2100, Time: 00:05:13

Health: -4/37      AC:  6    Str: 15    XL:     4   Next: 88%
Magic:  8/8        EV: 12    Int: 14    God:    Cheibriados [......]
Gold:   97         SH:  3    Dex: 12    Spells: 2/8 levels left

rFire    + . .     SeeInvis .     - Unarmed
rCold    . . .     Gourm    .   (no shield)
rNeg     . . .     Faith    .   (armour unavailable)
rPois    .         Spirit   .   (helmet restricted)
rElec    .         Reflect  +   m - +0 cloak
rCorr    .         Harm     .   (no gloves)
MR       .....                  (no boots)
Stlth    +.........             h - +3 amulet of reflection
HPRegen  0.12/turn              f - ring of protection from fire
MPRegen  0.11/turn              (no ring)

@: very slow
A: unfitting armour, cold-blooded, AC +5
a: Bend Time, Renounce Religion


You were on level 3 of the Dungeon.
You worshipped Cheibriados.
Cheibriados was noncommittal.
You were not hungry.

You visited 1 branch of the dungeon, and saw 3 of its levels.

You collected 97 gold pieces.

Inventory:

Hand Weapons
 e - a +2 dagger of venom
Missiles
 a - 12 arrows
 s - 3 stones (quivered)
Armour
 m - a +0 cloak (worn)
Jewellery
 f - a ring of protection from fire (left hand)
 h - a +3 amulet of reflection (around neck)
Potions
 j - a potion of curing
 k - a potion of flight {unknown}
Books
 b - a book of Changes

   Spells                             Type                      Level
   a - Beastly Appendage              Transmutation                1
   b - Sticks to Snakes               Transmutation                2
   c - Spider Form                    Transmutation/Poison         3
   d - Ice Form                       Ice/Transmutation            4
   e - Blade Hands                    Transmutation                5
Comestibles
 c - 5 rations
 d - 11 chunks of flesh


   Skills:
 + Level 2.4 Fighting
 + Level 2.5 Dodging
 + Level 3.6 Unarmed Combat
 + Level 2.6 Spellcasting
 + Level 2.8 Transmutations


You had 2 spell levels left.
You knew the following spells:

 Your Spells              Type           Power        Failure   Level  Hunger
a - Beastly Appendage     Tmut           #.....       7%          1    #......
b - Sticks to Snakes      Tmut           #.......     11%         2    ###....
c - Spider Form           Tmut/Pois      #.........   36%         3    ###....


Dungeon Overview and Level Annotations

Branches:
Dungeon (3/15)

Altars:
Cheibriados
Dithmenos
Trog
Uskayaw


Innate Abilities, Weirdness & Mutations

Your plain brown scales are hard. (AC +5)
You cannot fit into any form of body armour.
You are cold-blooded and may be slowed by cold attacks.


Message History

Your talons disappear.
HP restored.
A centaur comes into view.
The centaur shouts!
The centaur wields a shortbow.
The centaur shoots an arrow.
The arrow hits you!
You see here an arrow.
You open the door.
The centaur shoots an arrow.
The arrow hits you.
A bat comes into view.
There is an open door here.
The centaur shoots an arrow.
The arrow hits you!
You see here an arrow.
You close the door.
You closely miss the bat. The bat barely misses you. The bat misses you.
The centaur shoots an arrow.
The arrow hits you!
* * * LOW HITPOINT WARNING * * *
You see here 2 arrows.
The bat closely misses you.
The centaur unwields an uncursed shortbow.
The centaur hits you!
You die...

............
#...........
#...........
#...........
#.....b.....
.b......#
#.#c....####
##+#d.........#....
#.((......###.#...#
#.................
#...............###
##.#.###...........
#.#.# #...........
#.#.###...........
#.#.......<....#
#.............##


You could see a centaur and a bat.

Vanquished Creatures
  Terence (D:2)
  An adder (D:2)
  An ooze (D:1)
  A worm (D:2)
  5 dart slugs
  4 leopard geckos
  5 orcs
  A ball python (D:1)
  7 bats
  4 giant cockroaches (D:1)
  8 goblins
  4 hobgoblins
  8 jackals
  2 frilled lizards (D:2)
  7 kobolds
  4 rats
63 creatures vanquished.

Notes
Turn   | Place    | Note
-------+----------+-------------------------------------------
     0 | D:1      | Mandevil the Draconian Transmuter began the quest for the Orb.
     0 | D:1      | Reached XP level 1. HP: 16/16 MP: 3/3
   227 | D:1      | Reached XP level 2. HP: 21/23 MP: 5/5
   601 | D:1      | Reached XP level 3. HP: 29/29 MP: 6/6
  1117 | D:2      | Noticed Terence
  1125 | D:2      | Killed Terence
  1125 | D:2      | Reached XP level 4. HP: 23/36 MP: 5/7
  1350 | D:2      | Learned a level 2 spell: Sticks to Snakes
  1354 | D:2      | Learned a level 3 spell: Spider Form
  1483 | D:2      | Noticed a hand axe
  1489 | D:2      | Found a hide-covered altar of Uskayaw.
  1489 | D:2      | Noticed a hand axe
  1575 | D:2      | Found a snail-covered altar of Cheibriados.
  1597 | D:2      | Became a worshipper of Cheibriados the Contemplative
  1723 | D:2      | Found a bloodstained altar of Trog.
  1805 | D:2      | Found a shadowy altar of Dithmenos.
  2092 | D:3      | Noticed a centaur
  2100 | D:3      | Slain by a centaur

Vault maps used:
D:1:      minmay_arrival_three_doors, roderic_serpentine_path, corner_web_ring,
          minivault_11, serial_park_tiny_pond, st_stairs_5
D:2:      kennysheep_slug_shrine, dancing_weapons_uskayaw, lemuel_round_altar,
          lightli_temple_of_fire, first_ration, uniq_terence
D:3:      nrook_mini_backslash

Skill      XL: |  1  2  3 |
---------------+----------+-----
Dodging        | 2 |  2.5
Fighting       | 2 |  2.4
Unarmed Combat | |  3.6
Spellcasting   | |  2.6
Transmutations | |  2.8

Action                   |  1- 3 |  4- 6 || total
-------------------------+-------+-------++-------
Melee: Unarmed           |    11 |    13 ||    24
       Dagger            |    71 |    71 ||   142
       Headbutt          |     3 |     1 ||     4
       Tailslap          |    11 |     8 ||    19
       Kick              |     1 |     5 ||     6
       Punch             |       |     1 ||     1
 Cast: Beastly Appendage |     5 |     6 ||    11
  Use: Scroll            |       |     3 ||     3
  Eat: Chunk             |     1 |     3 ||     4
Armor: Skin              |    20 |    18 ||    38
Dodge: Dodged            |    55 |    50 ||   105
Block: Other             |     1 |     7 ||     8

Table legend:
 A = Spawn XP
 B = Non-spawn XP
 C = Spawn XP percentage of total XP
 D = Spawn monster count
 E = Non-spawn monster count
 F = Spawn count percentage of total count
 G = Total turns spent on level
                    A         B        C        D         E        F      G
               +---------+---------+-------+---------+---------+-------+---------
         Total |       0 |     185 |   0.0 |       0 |      63 |   0.0 |  2100
               +---------+---------+-------+---------+---------+-------+---------
           D:1 |       0 |      63 |   0.0 |       0 |      29 |   0.0 |  1064
           D:2 |       0 |     113 |   0.0 |       0 |      30 |   0.0 |   911
           D:3 |       0 |       9 |   0.0 |       0 |       4 |   0.0 |   125
               +---------+---------+-------+---------+---------+-------+---------
